 Dungeon Crawl Stone Soup version 0.20.1-1-g8b1a95d (webtiles) character file.

417 Salad the Skirmisher (level 6, -4/60 HPs)
             Began as a Minotaur Monk on July 12, 2017.
             Slain by Menkaure (22 damage)
             ... on level 4 of the Dungeon.
             The game lasted 00:05:20 (2540 turns).

Salad the Skirmisher (Minotaur Monk)                Turns: 2540, Time: 00:05:20

Health: -4/60      AC:  3    Str: 20    XL:     6   Next: 61%
Magic:  1/1        EV: 13    Int:  7    God:
Gold:   202        SH:  0    Dex: 15    Spells: 5/5 levels left

rFire    . . .     SeeInvis .   r - +0 hand axe (antimagic)
rCold    . . .     Gourm    .   (no shield)
rNeg     . . .     Faith    .   b - +0 robe
rPois    .         Spirit   .   (helmet restricted)
rElec    .         Reflect  .   (no cloak)
rCorr    .         Harm     .   q - +0 pair of gloves
MR       .....                  (no boots)
Stlth    ++........             (no amulet)
Regen    0.2/turn               (no ring)
MPRegen  0.1/turn               (no ring)

@: mighty
A: retaliatory headbutt, horns 2
a: no special abilities


You were on level 4 of the Dungeon.
You were not hungry.

You visited 1 branch of the dungeon, and saw 4 of its levels.

You collected 202 gold pieces.

Inventory:

Hand Weapons
 r - a +0 antimagic hand axe (weapon)
Armour
 b - a +0 robe (worn)
 q - a +0 pair of gloves (worn)
Jewellery
 f - an uncursed ring of resist corrosion {unknown}
 i - a cursed +3 ring of intelligence {unknown}
 n - a cursed ring of loudness {unknown}
Scrolls
 e - a scroll of remove curse
 j - 2 scrolls of magic mapping
 o - a scroll of teleportation
Potions
 a - a potion of degeneration {unknown}
 h - 4 potions of curing {unknown}
 l - a potion of mutation {unknown}
 m - 3 potions of heal wounds {unknown}
 p - a potion of might
Comestibles
 c - 6 bread rations
 d - 4 meat rations
 g - 4 chunks of flesh
 k - a royal jelly


   Skills:
 - Level 7.0 Fighting
 + Level 6.7 Axes
 - Level 3.2 Dodging
 - Level 1.5 Stealth


You had 5 spell levels left.
You didn't know any spells.

Dungeon Overview and Level Annotations

Branches:
Dungeon (4/15)
 Temple: D:4-7

Altars:
Trog

Annotations:
D:4 Menkaure


Innate Abilities, Weirdness & Mutations

You reflexively headbutt those who attack you in melee.
You have a pair of horns on your head.


Message History

No target in view!
No target in view!
You see here 18 stones.
n - a scratched glass ring
Found 3 scrolls of immolation.
Menkaure, Prince of Dust comes into view.
Menkaure is nearby!
Menkaure shouts!
Menkaure calls on the powers of darkness!
Your body is wracked with pain!
You barely miss Menkaure. Your headbutt misses Menkaure.
Menkaure calls on the powers of darkness!
Your body is wracked with pain!
* * * LOW HITPOINT WARNING * * *
You are too injured to fight recklessly!
You feel very mighty all of a sudden.
You hit Menkaure.
Menkaure's magic leaks into the air.
You headbutt Menkaure!
Menkaure is severely damaged.
Menkaure hits you!!
You die...

####...##.##.###
##.....##.###
#.######.##.
#........##.
#.#########รท
#### #.# ## ..#
#.# # # #M# #.#
##### #.. #@#
#.# #....
..?..#.#####.#
#.###
#............#
#.# #
........#######
#.# # #########
#.# #.### #....
#####


You could see Menkaure.

Vanquished Creatures
  Duvessa (D:4)
  An eye of draining (D:3)
  Dowan (D:4)
  A scorpion (D:2)
  3 adders
  An adder skeleton (D:3)
  2 worms
  A dart slug (D:1)
  A leopard gecko (D:2)
  7 orcs (D:3)
  5 bats
  7 giant cockroaches
  7 goblins
  6 hobgoblins
  10 jackals
  9 kobolds
  4 frilled lizards
  8 rats
75 creatures vanquished.

Notes
Turn   | Place    | Note
-------+----------+-------------------------------------------
     0 | D:1      | Salad the Minotaur Monk began the quest for the Orb.
     0 | D:1      | Reached XP level 1. HP: 19/19 MP: 0/0
   160 | D:1      | Reached skill level 4 in Fighting
   168 | D:1      | Reached XP level 2. HP: 22/28 MP: 1/1
   574 | D:2      | Reached skill level 5 in Fighting
   685 | D:2      | Reached XP level 3. HP: 36/36 MP: 2/2
   887 | D:2      | Noticed a scorpion
   897 | D:2      | Killed a scorpion
   897 | D:2      | Reached skill level 6 in Fighting
   897 | D:2      | Reached XP level 4. HP: 34/45 MP: 3/3
  1188 | D:3      | Found a faded altar of an unknown god.
  1630 | D:3      | Reached XP level 5. HP: 45/51 MP: 4/4
  1636 | D:3      | Reached skill level 7 in Fighting
  1818 | D:3      | Found a bloodstained altar of Trog.
  1819 | D:3      | Noticed an eye of draining
  1836 | D:3      | Killed an eye of draining
  1836 | D:3      | Reached skill level 5 in Axes
  2127 | D:4      | Noticed Duvessa
  2128 | D:4      | Noticed Dowan
  2144 | D:4      | Killed Duvessa
  2144 | D:4      | Reached XP level 6. HP: 22/60 MP: 1/5
  2357 | D:4      | Killed Dowan
  2535 | D:4      | Noticed Menkaure
  2540 | D:4      | Slain by Menkaure

Skill      XL: |  1  2  3  4  5 |
---------------+----------------+-----
Fighting       | 4 5 6 7 |  7.0
Axes           | 6 |  6.7
Dodging        | |  3.2
Stealth        | |  1.5

Action                   |  1- 3 |  4- 6 || total
-------------------------+-------+-------++-------
Melee: Hand axe          |    77 |   116 ||   193
       Headbutt          |     7 |    29 ||    36
  Use: Scroll            |       |     6 ||     6
       Potion            |       |     1 ||     1
 Stab: Sleeping          |     3 |     2 ||     5
  Eat: Chunk             |       |     5 ||     5
Armor: Robe              |    17 |    10 ||    27
Dodge: Dodged            |    59 |    68 ||   127
